[Event "Kupreichik Memorial Open 2018"]
[Site "Minsk"]
[Date "2018.06.22"]
[Round "5"]
[White "Talma, Sergei"]
[Black "Tihonov, Jurij"]
[Result "1-0"]
[ECO "B07"]
[WhiteElo "1858"]
[BlackElo "2385"]
[Annotator "NA"]
[PlyCount "109"]
[EventDate "2018.06.21"]
[EventCountry "BLR"]
[SourceTitle "playchess.com"]
[Source "ChessBase"]
[SourceQuality "1"]
[TimeControl "900+10"]

1. d4 d6 2. e4 Nf6 3. Nc3 e5 4. dxe5 dxe5 5. Qxd8+ Kxd8 6. Bg5 Bd6 7. f4 h6 8. fxe5 hxg5 9. exd6 cxd6 10. O-O-O Ke7 11. Nf3 g4 12. Nd4 Nc6 13. Ndb5 Be6 14. Nxd6 Rab8 15. Bc4 Ne5 16. Bb3 a6 17. Nf5+ Kf8 18. Nd4 Ke7 19. Nf5+ Bxf5 20. exf5 Rbe8 21. Nd5+ Nxd5 22. Rxd5 Kf6 23. Kd2 Kxf5 24. Rd6 f6 25. Bd5 Rd8 26. Be6+ Kg5 27. Rxd8 Rxd8+ 28. Kc3 Kf4 29. b3 Ke3 30. h3 g3 31. Rf1 b6 32. Bg4 Rd6 33. Bf5 Rd2 34. Re1+ Re2 35. Rxe2+ Kxe2 36. Be4 g6 37. Kd4 Kf2 38. c4 a5 39. a3 f5 40. Ba8 Nf7 41. b4 f4 42. c5 axb4 43. axb4 bxc5+ 44. bxc5 Nd8 45. Ke5 g5 46. Kf6 Ke3 47. c6 f3 48. c7 f2 49. cxd8=Q f1=Q+ 50. Bf3 Qb5 51. Qe7+ Kf2 52. Qe5 Qa6+ 53. Kxg5 Qc8 54. Be4 Qd8+ 55. Qf6+ 1-0

[Event "Kupreichik Memorial Open 2018"]
[Site "Minsk"]
[Date "2018.06.22"]
[Round "5"]
[White "Korniichuk, Oleksandra"]
[Black "Halouchyts, Karalina"]
[Result "1-0"]
[ECO "B12"]
[WhiteElo "1740"]
[BlackElo "1603"]
[Annotator "NA"]
[PlyCount "109"]
[EventDate "2018.06.21"]
[EventCountry "BLR"]
[SourceTitle "playchess.com"]
[Source "ChessBase"]
[SourceQuality "1"]
[TimeControl "900+10"]

1. e4 c6 2. d4 d5 3. e5 Bf5 4. Nd2 h6 5. Nb3 e6 6. Be3 Nd7 7. Nf3 Ne7 8. Be2 Bh7 9. O-O Nf5 10. Bf4 g5 11. Bd2 Be7 12. a4 O-O 13. a5 Kh8 14. g4 Ng7 15. h3 f6 16. Kg2 fxe5 17. dxe5 Be4 18. Kg1 Bxf3 19. Bxf3 Nxe5 20. Bg2 Ng6 21. Qe2 Nf4 22. Bxf4 Rxf4 23. c3 Qd6 24. Nc1 Bd8 25. Nd3 Rf6 26. Rfe1 Bc7 27. Ne5 Raf8 28. f3 Qc5+ 29. Kh1 Bxe5 30. Qxe5 Qb5 31. Qe2 Qxe2 32. Rxe2 Ne8 33. Rae1 Nc7 34. b3 Kg7 35. Re3 Kf7 36. Kh2 Re8 37. Bf1 e5 38. Bd3 Rfe6 39. Kg3 Kf6 40. Bf5 R6e7 41. Bd3 c5 42. R3e2 Re6 43. c4 d4 44. Be4 Rb8 45. Ra2 Na6 46. h4 Nb4 47. hxg5+ hxg5 48. Rh2 Re7 49. Rh6+ Kf7 50. Reh1 Rf8 51. Bg6+ Kf6 52. Be4+ Kf7 53. Bg6+ Kf6 54. Be8+ Kg7 55. Rg6# 1-0

[Event "Kupreichik Memorial Open 2018"]
[Site "Minsk"]
[Date "2018.06.22"]
[Round "5"]
[White "Zagorskii, Artem"]
[Black "Shaban, Alena"]
[Result "1/2-1/2"]
[ECO "B04"]
[WhiteElo "1705"]
[BlackElo "2027"]
[Annotator "NA"]
[PlyCount "107"]
[EventDate "2018.06.21"]
[EventCountry "BLR"]
[SourceTitle "playchess.com"]
[Source "ChessBase"]
[SourceQuality "1"]
[TimeControl "900+10"]

1. e4 Nf6 2. e5 Nd5 3. d4 d6 4. Nf3 Nc6 5. Be2 g6 6. h3 Bg7 7. exd6 cxd6 8. O-O O-O 9. c4 Nb6 10. Nc3 Bf5 11. Be3 d5 12. c5 Nc8 13. Qb3 e5 14. Rad1 e4 15. Nh2 N8e7 16. Ng4 Bxg4 17. Bxg4 f5 18. Be2 f4 19. Bc1 f3 20. Bb5 Nxd4 21. Qa4 fxg2 22. Kxg2 Nef5 23. Nxd5 Qc8 24. Nf4 Qxc5 25. Qc4+ Qxc4 26. Bxc4+ Kh8 27. Rfe1 Nh4+ 28. Kh1 Rae8 29. Bd5 g5 30. Nh5 Be5 31. Rxe4 Rxf2 32. Ng3 Nhf3 33. Nf1 Rc8 34. Be3 Rxb2 35. Rxe5 Rcc2 36. Bxf3 Nxf3 37. Re8+ Kg7 38. Bd4+ Nxd4 39. Rxd4 Rf2 40. Re1 Rxa2 41. Rd7+ Rf7 42. Ree7 Rxe7 43. Rxe7+ Kg6 44. Rxb7 h5 45. Ne3 Ra3 46. Re7 Kf6 47. Re8 a5 48. Kg2 a4 49. Kf3 g4+ 50. hxg4 hxg4+ 51. Kxg4 Ra1 52. Ra8 Ke5 53. Kf3 Ra2 54. Rd8 1/2-1/2

[Event "Kupreichik Memorial Open 2018"]
[Site "Minsk"]
[Date "2018.06.22"]
[Round "5"]
[White "Beliuga, Mikhail"]
[Black "Maslak, Alexander"]
[Result "1-0"]
[ECO "E62"]
[WhiteElo "1699"]
[BlackElo "2127"]
[Annotator "NA"]
[PlyCount "59"]
[EventDate "2018.06.21"]
[EventCountry "BLR"]
[SourceTitle "playchess.com"]
[Source "ChessBase"]
[SourceQuality "1"]
[TimeControl "900+10"]

1. Nf3 g6 2. d4 Nf6 3. c4 Bg7 4. g3 O-O 5. Bg2 d6 6. O-O Nc6 7. Nc3 Bf5 8. Nh4 Bd7 9. e4 Na5 10. Qd3 c5 11. d5 a6 12. f4 b5 13. b3 b4 14. Ne2 Nxe4 15. Bxe4 Bxa1 16. f5 Bg7 17. Nf4 Bd4+ 18. Be3 Bxe3+ 19. Qxe3 g5 20. f6 Kh8 21. Nhg6+ fxg6 22. Nxg6+ hxg6 23. Qxg5 Rf7 24. Bxg6 Qg8 25. Rf4 Rh7 26. f7 Qg7 27. Qxe7 Rf8 28. Bxh7 Bh3 29. Bb1 Nb7 30. Rh4+ 1-0

[Event "Kupreichik Memorial Open 2018"]
[Site "Minsk"]
[Date "2018.06.22"]
[Round "5"]
[White "Tsvetkova, Vladislava"]
[Black "Kruglikova, Viktorija"]
[Result "1-0"]
[ECO "B44"]
[WhiteElo "1697"]
[BlackElo "1839"]
[Annotator "NA"]
[PlyCount "45"]
[EventDate "2018.06.21"]
[EventCountry "BLR"]
[SourceTitle "playchess.com"]
[Source "ChessBase"]
[SourceQuality "1"]
[TimeControl "900+10"]

1. e4 c5 2. Nf3 Nc6 3. d4 cxd4 4. Nxd4 e6 5. g3 Nf6 6. Bg2 Qb6 7. Nxc6 dxc6 8. O-O Bc5 9. Nc3 Bb4 10. Be3 Qc7 11. Qd4 Be7 12. e5 Nd5 13. Nxd5 cxd5 14. c4 Qxc4 15. Qxc4 dxc4 16. Rac1 Bd7 17. Bxb7 Rb8 18. Bg2 Rxb2 19. Rxc4 Rxa2 20. Rd1 Rf8 21. Rc7 Bb5 22. Rc8+ Bd8 23. Rdxd8+ 1-0

[Event "Kupreichik Memorial Open 2018"]
[Site "Minsk"]
[Date "2018.06.22"]
[Round "5"]
[White "Ivanytska, Liudmyla"]
[Black "Tkachou, Viktar"]
[Result "0-1"]
[ECO "B41"]
[WhiteElo "1655"]
[BlackElo "1791"]
[Annotator "NA"]
[PlyCount "114"]
[EventDate "2018.06.21"]
[EventCountry "BLR"]
[SourceTitle "playchess.com"]
[Source "ChessBase"]
[SourceQuality "1"]
[TimeControl "900+10"]

1. e4 c5 2. Nf3 e6 3. d4 cxd4 4. Nxd4 a6 5. a3 d6 6. Nc3 Nf6 7. Be2 Be7 8. Bf3 O-O 9. O-O Qc7 10. Re1 Nc6 11. Nxc6 bxc6 12. Qe2 e5 13. g3 Be6 14. Bg2 h6 15. h3 a5 16. Kh1 Rab8 17. b3 Nh7 18. f4 exf4 19. gxf4 Bf6 20. e5 dxe5 21. fxe5 Bh4 22. Rd1 Rbd8 23. Bb2 Ng5 24. Qh5 Bg3 25. Ne4 Nxe4 26. Bxe4 Bd5 27. Bxd5 Rxd5 28. Rxd5 cxd5 29. Rg1 Qxc2 30. Rxg3 Qxb2 31. Qxh6 Qxe5 32. Qe3 Qe4+ 33. Kg1 f5 34. Qg5 Qd4+ 35. Kf1 f4 36. Rf3 Qe4 37. Kf2 d4 38. Qb5 Rc8 39. Qd3 Rc2+ 40. Kf1 Rc1+ 41. Kg2 Qe5 42. Qd2 Qg5+ 43. Kf2 Qg1+ 44. Ke2 Qg2+ 45. Kd3 Qxf3+ 46. Kxd4 Qe3+ 47. Qxe3 fxe3 48. Kxe3 Rc3+ 49. Kd4 Rxb3 50. Kc4 Rxa3 51. Kb5 Rxh3 52. Kxa5 Rb3 53. Ka4 Rb8 54. Ka5 Kf7 55. Ka6 Ke7 56. Ka7 Rb1 57. Ka6 Kd6 0-1

[Event "Kupreichik Memorial Open 2018"]
[Site "Minsk"]
[Date "2018.06.22"]
[Round "5"]
[White "Yagutian, Mariya"]
[Black "Mialik, Uladzislau"]
[Result "1-0"]
[ECO "B08"]
[WhiteElo "1506"]
[BlackElo "1768"]
[Annotator "NA"]
[PlyCount "157"]
[EventDate "2018.06.21"]
[EventCountry "BLR"]
[SourceTitle "playchess.com"]
[Source "ChessBase"]
[SourceQuality "1"]
[TimeControl "900+10"]

1. d4 g6 2. Nf3 Bg7 3. e4 d6 4. Nc3 Nf6 5. Be3 O-O 6. Qd2 Ng4 7. Bf4 e5 8. Bg5 Qd7 9. Nd5 f6 10. Bc4 Kh8 11. Bh4 c6 12. Nc3 Qe8 13. h3 Nh6 14. d5 c5 15. Nb5 Qd8 16. b4 a6 17. Na3 b5 18. Be2 c4 19. Nb1 Nf7 20. a4 Bb7 21. Nc3 Qd7 22. Qe3 f5 23. exf5 gxf5 24. Qb6 e4 25. Nd4 bxa4 26. Bxc4 Ne5 27. Be2 Rc8 28. Nxa4 Ng6 29. Bg3 f4 30. Bh2 a5 31. bxa5 Bxd5 32. Rd1 Qxa4 33. O-O Qxa5 34. Qxd6 Qd8 35. Qxd8+ Rxd8 36. Ne6 Rd7 37. Nc5 Rd8 38. Bc4 Ne7 39. Ne6 Rd7 40. Nc5 Rd8 41. Nxe4 Nbc6 42. Bxd5 Nxd5 43. c4 Nb6 44. Rd6 Rxd6 45. Nxd6 Ne5 46. c5 Nbd7 47. Bxf4 Rc8 48. Nxc8 Nxc5 49. Bxe5 Bxe5 50. Re1 Bf6 51. Nd6 Nd7 52. Nf5 h5 53. Rd1 Ne5 54. Rd6 Bg5 55. Rd5 Nf7 56. Nd6 Nxd6 57. Rxd6 Kh7 58. Rd5 Kg6 59. g3 Bf6 60. Rd6 Kg5 61. Kg2 Kf5 62. Kf3 Kg5 63. Ke4 Kg6 64. f4 Kg7 65. g4 hxg4 66. hxg4 Bb2 67. g5 Ba3 68. Rd7+ Kg6 69. Ra7 Bb2 70. Ra2 Bc3 71. Rg2 Bb4 72. f5+ Kg7 73. Kd5 Kf7 74. g6+ Kg7 75. Ke6 Bc3 76. Rc2 Bd4 77. Rc7+ Kg8 78. f6 Kh8 79. Rc8# 1-0

[Event "Kupreichik Memorial Open 2018"]
[Site "Minsk"]
[Date "2018.06.22"]
[Round "6"]
[White "Tihonov, Jurij"]
[Black "Shvedau, Mikhail"]
[Result "1/2-1/2"]
[ECO "A81"]
[WhiteElo "2385"]
[BlackElo "1742"]
[Annotator "NA"]
[PlyCount "112"]
[EventDate "2018.06.21"]
[EventCountry "BLR"]
[SourceTitle "playchess.com"]
[Source "ChessBase"]
[SourceQuality "1"]
[TimeControl "900+10"]

1. d4 f5 2. g3 Nf6 3. Nh3 e6 4. Bg2 d5 5. O-O Bd6 6. Bf4 O-O 7. Bxd6 cxd6 8. Nf4 g5 9. Nd3 Nc6 10. e3 e5 11. Nc3 Be6 12. dxe5 dxe5 13. Nc5 Bf7 14. Nxb7 Qe7 15. Nxd5 Nxd5 16. Bxd5 Qxb7 17. Qf3 Bxd5 18. Qxd5+ Rf7 19. Rfd1 Rd8 20. Qe6 Qc7 21. c4 f4 22. exf4 exf4 23. Rd5 Rxd5 24. cxd5 Nd4 25. Qe4 fxg3 26. hxg3 Nf3+ 27. Kg2 Qc5 28. Rd1 Qd6 29. Qe6 Qc5 30. Qe2 Nd4 31. Qe8+ Rf8 32. Qe4 Nf5 33. Rd2 Qd6 34. b4 h5 35. Qe6+ Qxe6 36. dxe6 Kg7 37. Rd7+ Kf6 38. Rxa7 Kxe6 39. b5 Rb8 40. a4 Nd6 41. Ra6 Ke5 42. b6 Nc4 43. a5 Kd5 44. Ra7 Kc6 45. Rg7 Nxa5 46. Rg6+ Kb7 47. Rxg5 Kxb6 48. Rxh5 Nc6 49. f4 Kc7 50. Rd5 Rd8 51. Rh5 Kd7 52. Kf3 Ke7 53. g4 Rf8 54. Rc5 Nd4+ 55. Ke4 Ne6 56. Rf5 Rxf5 1/2-1/2

[Event "Kupreichik Memorial Open 2018"]
[Site "Minsk"]
[Date "2018.06.22"]
[Round "6"]
[White "Barskij, Vladimir"]
[Black "Kalinin, Dmitry"]
[Result "1/2-1/2"]
[ECO "C01"]
[WhiteElo "2352"]
[BlackElo "1995"]
[Annotator "NA"]
[PlyCount "73"]
[EventDate "2018.06.21"]
[EventCountry "BLR"]
[SourceTitle "playchess.com"]
[Source "ChessBase"]
[SourceQuality "1"]
[TimeControl "900+10"]

1. e4 e6 2. d4 d5 3. exd5 exd5 4. Nf3 Nf6 5. Bd3 Be7 6. O-O O-O 7. Re1 Bg4 8. h3 Bh5 9. Bg5 Nc6 10. c3 Re8 11. Nbd2 Nd7 12. Bxe7 Rxe7 13. Qb3 Nb6 14. Rxe7 Qxe7 15. Re1 Qf6 16. Bb5 a6 17. Bxc6 Qxc6 18. Ne5 Qd6 19. Nd3 h6 20. Nc5 Rb8 21. Re5 Bg6 22. g3 Qc6 23. h4 Re8 24. Rxe8+ Qxe8 25. Qd1 Qc8 26. Qe2 Kf8 27. b3 Bf5 28. Qe5 f6 29. Qf4 Kf7 30. Nf1 g5 31. hxg5 hxg5 32. Qf3 Bg4 33. Qh1 Qf5 34. Ne3 Qb1+ 35. Kh2 Qh7+ 36. Kg1 Qb1+ 37. Kh2 1/2-1/2

[Event "Kupreichik Memorial Open 2018"]
[Site "Minsk"]
[Date "2018.06.22"]
[Round "6"]
[White "Nomin-Erdene, Davaademberel"]
[Black "Tsaruk, Maksim"]
[Result "1-0"]
[ECO "C97"]
[WhiteElo "2312"]
[BlackElo "1980"]
[Annotator "NA"]
[PlyCount "113"]
[EventDate "2018.06.21"]
[EventCountry "BLR"]
[SourceTitle "playchess.com"]
[Source "ChessBase"]
[SourceQuality "1"]
[TimeControl "900+10"]

1. e4 e5 2. Nf3 Nc6 3. Bb5 a6 4. Ba4 Nf6 5. O-O b5 6. Bb3 Be7 7. Re1 O-O 8. c3 d6 9. h3 Na5 10. Bc2 c5 11. d4 Qc7 12. d5 Bd7 13. b3 Rfb8 14. Nbd2 Bf8 15. Nf1 g6 16. Ng3 Nb7 17. Bg5 Ne8 18. Qd2 Nd8 19. Nh2 f6 20. Be3 Nf7 21. Rf1 Ng7 22. f4 exf4 23. Rxf4 Be7 24. Raf1 Rf8 25. R4f2 Rae8 26. Ne2 Bd8 27. Nf3 Qa5 28. Bb1 Qc7 29. b4 a5 30. a3 Be7 31. Rd1 Rc8 32. bxc5 dxc5 33. Bf4 Bd6 34. Bxd6 Nxd6 35. Rdf1 Rce8 36. Ng3 Kh8 37. Qf4 Qb8 38. Nh2 g5 39. Qc1 Nc4 40. Ne2 Qd8 41. Nf3 h6 42. Bd3 Nd6 43. e5 fxe5 44. Nxe5 Rxf2 45. Ng6+ Kg8 46. Rxf2 Bf5 47. Qb1 Bxd3 48. Qxd3 Qd7 49. Ng3 b4 50. axb4 axb4 51. cxb4 cxb4 52. Qd4 b3 53. Qf6 Ne4 54. Nxe4 Rxe4 55. Ne5 Qxd5 56. Ng4 h5 57. Qf8+ 1-0

[Event "Kupreichik Memorial Open 2018"]
[Site "Minsk"]
[Date "2018.06.22"]
[Round "6"]
[White "Tsigelnitskiy, Ilusha"]
[Black "Fedotov, Konstantin"]
[Result "1-0"]
[ECO "B12"]
[WhiteElo "2253"]
[BlackElo "2090"]
[Annotator "NA"]
[PlyCount "105"]
[EventDate "2018.06.21"]
[EventCountry "BLR"]
[SourceTitle "playchess.com"]
[Source "ChessBase"]
[SourceQuality "1"]
[TimeControl "900+10"]

1. e4 c6 2. d4 d5 3. Nd2 Nf6 4. e5 Nfd7 5. Ngf3 e6 6. Bd3 c5 7. c3 Nc6 8. O-O Be7 9. a3 a5 10. b3 Qb6 11. Bb2 c4 12. Be2 cxb3 13. Qxb3 Qxb3 14. Nxb3 Nb6 15. a4 Nc4 16. Bxc4 dxc4 17. Nbd2 b6 18. Nxc4 Ba6 19. Nfd2 O-O 20. Rfb1 Rab8 21. Ba3 Rfc8 22. Rxb6 Bxc4 23. Nxc4 Bxa3 24. Rxa3 Nxd4 25. Rxb8 Rxb8 26. g3 Rb1+ 27. Kg2 Nc2 28. Ra2 Ne1+ 29. Kh3 Nf3 30. Nxa5 Nxe5 31. f4 Nf3 32. Nc4 h5 33. a5 g5 34. fxg5 Nxg5+ 35. Kg2 Rb7 36. a6 Ra7 37. Ne5 Ne4 38. Nc6 Ra8 39. a7 Nc5 40. Rb2 Na6 41. Rb6 Nc7 42. Rb7 Na6 43. Rb8+ Nxb8 44. axb8=Q+ Rxb8 45. Nxb8 Kf8 46. Nc6 Ke8 47. Kf3 f6 48. Ke4 Kd7 49. Nd4 Kd6 50. c4 e5 51. Nf3 Ke6 52. Nxe5 fxe5 53. c5 1-0

[Event "Kupreichik Memorial Open 2018"]
[Site "Minsk"]
[Date "2018.06.22"]
[Round "6"]
[White "Sihite, Chelsie Monica Igne"]
[Black "Zhukovskij, Viktor"]
[Result "1/2-1/2"]
[ECO "B31"]
[WhiteElo "2236"]
[BlackElo "1973"]
[Annotator "NA"]
[PlyCount "108"]
[EventDate "2018.06.21"]
[EventCountry "BLR"]
[SourceTitle "playchess.com"]
[Source "ChessBase"]
[SourceQuality "1"]
[TimeControl "900+10"]

1. e4 c5 2. Nf3 Nc6 3. Bb5 g6 4. O-O Bg7 5. Re1 Nf6 6. h3 O-O 7. e5 Nd5 8. Nc3 Nc7 9. a4 Ne6 10. d3 b6 11. Bc4 Bb7 12. Nd5 Nc7 13. Bg5 h6 14. Bh4 Re8 15. Nxc7 Qxc7 16. Bg3 e6 17. c3 Na5 18. Ba2 a6 19. b4 Nc6 20. Rc1 Rac8 21. Qd2 cxb4 22. cxb4 Qb8 23. d4 Ne7 24. Qd3 Rxc1 25. Rxc1 Rc8 26. Bf4 Rxc1+ 27. Bxc1 Qc8 28. Bd2 Qc6 29. b5 axb5 30. axb5 Qc8 31. Bb3 Qa8 32. Ne1 Nd5 33. Qb1 Qb8 34. Bc2 d6 35. f4 dxe5 36. fxe5 Qc8 37. Bd3 Qd7 38. Kf1 Ne7 39. Bc3 Nf5 40. Qb4 Ne3+ 41. Kf2 Nd5 42. Qc4 Nxc3 43. Qxc3 f6 44. Nf3 f5 45. Bc4 Kf7 46. Qe3 Bd5 47. Be2 Qc7 48. g4 Qc2 49. Ne1 Qe4 50. Bf3 Qxe3+ 51. Kxe3 Bc4 52. Be2 Bd5 53. Bf3 Bc4 54. Be2 Bd5 1/2-1/2

[Event "Kupreichik Memorial Open 2018"]
[Site "Minsk"]
[Date "2018.06.22"]
[Round "6"]
[White "Nigmatov, Ortik"]
[Black "Ilyuchyk, Yana"]
[Result "1-0"]
[ECO "B63"]
[WhiteElo "2210"]
[BlackElo "1971"]
[Annotator "NA"]
[PlyCount "69"]
[EventDate "2018.06.21"]
[EventCountry "BLR"]
[SourceTitle "playchess.com"]
[Source "ChessBase"]
[SourceQuality "1"]
[TimeControl "900+10"]

1. e4 c5 2. Nf3 Nc6 3. d4 cxd4 4. Nxd4 Nf6 5. Nc3 d6 6. Bg5 e6 7. Qd2 Be7 8. O-O-O O-O 9. f3 Nxd4 10. Qxd4 a6 11. g4 b5 12. h4 Qa5 13. a3 Rb8 14. Bd2 Qc7 15. h5 Nd7 16. g5 Qc5 17. Qxc5 dxc5 18. Bf4 Ra8 19. Rh2 Nb6 20. Bc7 Nd7 21. f4 Nb8 22. e5 Nc6 23. Bg2 Ra7 24. Bd6 Nd4 25. b4 cxb4 26. axb4 Nf5 27. Bxe7 Rxe7 28. Rh3 Bb7 29. Bxb7 Rxb7 30. Ne4 Rc7 31. h6 Rfc8 32. Rhd3 gxh6 33. Nf6+ Kf8 34. Rd8+ Ke7 35. Ng8# 1-0

[Event "Kupreichik Memorial Open 2018"]
[Site "Minsk"]
[Date "2018.06.22"]
[Round "6"]
[White "Sarbay, Aleksandr"]
[Black "Laptii, Nazar"]
[Result "0-1"]
[ECO "B01"]
[WhiteElo "2183"]
[BlackElo "1915"]
[Annotator "NA"]
[PlyCount "68"]
[EventDate "2018.06.21"]
[EventCountry "BLR"]
[SourceTitle "playchess.com"]
[Source "ChessBase"]
[SourceQuality "1"]
[TimeControl "900+10"]

1. e4 d5 2. exd5 Nf6 3. d4 Nxd5 4. Nf3 Bf5 5. Bd3 Bxd3 6. Qxd3 e6 7. Qb5+ Nc6 8. O-O a6 9. Qe2 Be7 10. c4 Nb6 11. Be3 O-O 12. Nc3 h6 13. d5 exd5 14. Bxb6 cxb6 15. cxd5 Na7 16. Nd4 g6 17. Rad1 Nc8 18. Rfe1 Bf6 19. Ne4 Nd6 20. Ne6 Qe7 21. Nxf6+ Qxf6 22. Nxf8 Kxf8 23. Qe3 Nf5 24. Qa3+ Nd6 25. Re6 fxe6 26. Qxd6+ Qe7 27. Qxb6 Rd8 28. d6 Qd7 29. Qd4 Qg7 30. Qf4+ Kg8 31. Rc1 e5 32. Qc4+ Kh8 33. Qe6 Rd7 34. h4 h5 0-1

[Event "Kupreichik Memorial Open 2018"]
[Site "Minsk"]
[Date "2018.06.22"]
[Round "6"]
[White "Savolainen, Lev P"]
[Black "Talma, Sergei"]
[Result "1-0"]
[ECO "D53"]
[WhiteElo "2163"]
[BlackElo "1858"]
[Annotator "NA"]
[PlyCount "61"]
[EventDate "2018.06.21"]
[EventCountry "BLR"]
[SourceTitle "playchess.com"]
[Source "ChessBase"]
[SourceQuality "1"]
[TimeControl "900+10"]

1. d4 d5 2. c4 e6 3. Nc3 Nf6 4. Bg5 Be7 5. cxd5 Nxd5 6. Bxe7 Qxe7 7. Rc1 Nxc3 8. Rxc3 O-O 9. Nf3 Rd8 10. e4 b6 11. Qc2 c5 12. dxc5 bxc5 13. Bb5 a6 14. Ba4 Bd7 15. O-O Bxa4 16. Qxa4 Nd7 17. Qc2 e5 18. h3 f6 19. Rd1 Nf8 20. Rxd8 Rxd8 21. Rxc5 Rd1+ 22. Kh2 Qd7 23. Qc4+ Qe6 24. Qxe6+ Nxe6 25. Rc6 Nf4 26. Rxa6 Nd3 27. Rb6 Nxf2 28. a4 h5 29. g3 Nxe4 30. a5 Rf1 31. a6 {time} 1-0

[Event "Kupreichik Memorial Open 2018"]
[Site "Minsk"]
[Date "2018.06.22"]
[Round "6"]
[White "Badelka, Olga"]
[Black "Meshkov, Yuri A"]
[Result "0-1"]
[ECO "A42"]
[WhiteElo "2153"]
[BlackElo "2375"]
[Annotator "NA"]
[PlyCount "110"]
[EventDate "2018.06.21"]
[EventCountry "BLR"]
[SourceTitle "playchess.com"]
[Source "ChessBase"]
[SourceQuality "1"]
[TimeControl "900+10"]

1. c4 g6 2. d4 Bg7 3. Nc3 d6 4. e4 Nc6 5. Nge2 e5 6. d5 Nce7 7. Ng3 h5 8. Be2 h4 9. Nf1 f5 10. Bg5 Bf6 11. Qd2 Nxd5 12. Bxf6 Ndxf6 13. exf5 gxf5 14. Ne3 Be6 15. Ned5 c6 16. Nxf6+ Nxf6 17. O-O-O d5 18. cxd5 cxd5 19. f4 e4 20. Nb5 Qb6 21. Kb1 Kf7 22. Nd4 Rag8 23. Rc1 Rc8 24. Rcd1 Rhg8 25. Rhg1 a6 26. Qe3 Qd6 27. Qf2 Rh8 28. g4 hxg3 29. hxg3 Bd7 30. Rh1 Qc5 31. Qe3 Qb4 32. Rh4 Rhg8 33. Bh5+ Ke7 34. Be2 Rg7 35. a3 Qc5 36. Rhh1 Qd6 37. Rc1 Rxc1+ 38. Rxc1 Rh7 39. Nb3 Rh2 40. Bd1 d4 41. Nxd4 Nd5 42. Qg1 Rd2 43. Nb3 Rd3 44. Nc5 Re3 45. Qh2 Nf6 46. Qf2 Qd4 47. Bb3 Bb5 48. Ka2 Ng4 49. Qg1 b6 50. Qh1 bxc5 51. Qh7+ Kd6 52. Qa7 Rxb3 53. Qb8+ Ke7 54. Kxb3 Qd5+ 55. Kc2 Qd3# 0-1

[Event "Kupreichik Memorial Open 2018"]
[Site "Minsk"]
[Date "2018.06.22"]
[Round "6"]
[White "Vashchilov, Sergey"]
[Black "Zagorskii, Artem"]
[Result "0-1"]
[ECO "B40"]
[WhiteElo "2122"]
[BlackElo "1705"]
[Annotator "NA"]
[PlyCount "106"]
[EventDate "2018.06.21"]
[EventCountry "BLR"]
[SourceTitle "playchess.com"]
[Source "ChessBase"]
[SourceQuality "1"]
[TimeControl "900+10"]

1. e4 c5 2. Nf3 e6 3. b3 Nf6 4. Nc3 d5 5. exd5 exd5 6. Bb5+ Bd7 7. Bxd7+ Nbxd7 8. O-O Be7 9. d4 O-O 10. Bb2 Rc8 11. h3 c4 12. bxc4 Rxc4 13. Ne5 Rc8 14. Qf3 Nb6 15. Rab1 Nc4 16. Bc1 Nb6 17. a4 a5 18. Rb5 Qc7 19. Bd2 Bb4 20. Rb1 Nc4 21. Bf4 Na3 22. R1xb4 axb4 23. Rc5 Qd8 24. Nxd5 Rxc5 25. Nxf6+ Qxf6 26. dxc5 Qa6 27. Qb3 Qa5 28. Nd7 Rd8 29. Ne5 Rf8 30. Nd3 Qa6 31. Bd6 Re8 32. Ne5 Re6 33. Qxb4 Nxc2 34. Qb2 Qe2 35. Qxb7 Qe1+ 36. Kh2 Rxe5 37. Bxe5 Qxe5+ 38. g3 Qxc5 39. Qb8+ Qf8 40. Qc7 Nb4 41. Qb7 h6 42. a5 Qc5 43. Qa8+ Kh7 44. Kg1 Qb5 45. Qa7 f5 46. g4 fxg4 47. hxg4 Nc6 48. Qd7 Qb1+ 49. Kg2 Qe4+ 50. f3 Qc2+ 51. Kg3 Nxa5 52. Qd5 Nc4 53. g5 Ne3 0-1

[Event "Kupreichik Memorial Open 2018"]
[Site "Minsk"]
[Date "2018.06.22"]
[Round "6"]
[White "Shaban, Alena"]
[Black "Beliuga, Mikhail"]
[Result "0-1"]
[ECO "A05"]
[WhiteElo "2027"]
[BlackElo "1699"]
[Annotator "NA"]
[PlyCount "68"]
[EventDate "2018.06.21"]
[EventCountry "BLR"]
[SourceTitle "playchess.com"]
[Source "ChessBase"]
[SourceQuality "1"]
[TimeControl "900+10"]

1. Nf3 Nf6 2. g3 b6 3. Bg2 Bb7 4. O-O e6 5. d3 d5 6. Nbd2 Be7 7. c3 c5 8. Qc2 Qc7 9. e4 Nbd7 10. Re1 dxe4 11. dxe4 O-O 12. c4 Rfd8 13. e5 Ng4 14. Qc3 Nh6 15. Ne4 Nf5 16. Bf4 Nf8 17. g4 Ng6 18. Bg3 Nxg3 19. hxg3 Rd7 20. Re2 Rad8 21. Rae1 Rd3 22. Qc2 Nxe5 23. Nxe5 Qxe5 24. Nxc5 Qxc5 25. Bxb7 Rxg3+ 26. Kf1 Rxg4 27. b3 Qg5 28. Re3 Bc5 29. Rh3 Rg1+ 30. Ke2 Qg4+ 31. Rf3 Rg2 32. Rf1 g6 33. Ke1 Qd4 34. Re3 Rxf2 0-1

[Event "Kupreichik Memorial Open 2018"]
[Site "Minsk"]
[Date "2018.06.22"]
[Round "6"]
[White "Naumovich, Yaroslav"]
[Black "Cherepov, Alexej"]
[Result "0-1"]
[ECO "D02"]
[WhiteElo "1959"]
[BlackElo "2234"]
[Annotator "NA"]
[PlyCount "166"]
[EventDate "2018.06.21"]
[EventCountry "BLR"]
[SourceTitle "playchess.com"]
[Source "ChessBase"]
[SourceQuality "1"]
[TimeControl "900+10"]

1. Nf3 Nf6 2. d4 d5 3. Bf4 c5 4. e3 Nc6 5. c3 Qb6 6. Qb3 c4 7. Qxb6 axb6 8. Nbd2 b5 9. Be2 Bf5 10. O-O b4 11. Nh4 Bd7 12. e4 e6 13. e5 Ng8 14. Be3 Be7 15. Nhf3 Bd8 16. Rfc1 bxc3 17. bxc3 Nge7 18. g4 O-O 19. Ne1 Bc7 20. f4 Ra3 21. Nb1 Ra6 22. a3 Rfa8 23. Ra2 Na7 24. Rb2 Nb5 25. Nc2 Nc8 26. Bd2 Bd8 27. Rf1 Be7 28. Ra2 g6 29. Bc1 Nb6 30. Kg2 R6a7 31. Kg3 Nc7 32. h4 Ba4 33. Nb4 Bb3 34. Rb2 Ne8 35. Bd1 Bxd1 36. Rxd1 Ng7 37. Rf1 h5 38. Rh2 hxg4 39. Kxg4 Kf8 40. Rg1 Ke8 41. Kf3 Kd7 42. Rgg2 Rh8 43. Kg4 Raa8 44. Bd2 Nf5 45. Rg1 Rh5 46. Be1 Rah8 47. Rgh1 Na4 48. Bg3 Kc7 49. Be1 Kb6 50. Bg3 Kb5 51. Be1 Nb6 52. Na2 Ka4 53. Nb4 Ne3+ 54. Kf3 Nf5 55. Kg4 Nc8 56. Bg3 Na7 57. Be1 Nb5 58. Bg3 Kb3 59. Be1 Ra8 60. Bd2 Bxb4 61. axb4 Ra1 62. Kf3 Ra2 63. Be1 Rb2 64. Rxb2+ Kxb2 65. Bd2 Nxh4+ 66. Kg4 Nf5 67. Re1 Rh2 68. Kg5 Kc2 69. Kf6 Rxd2 70. Nxd2 Kxd2 71. Rg1 Nxc3 72. Kxf7 Nxd4 73. Kxg6 Nce2 74. Ra1 Nxf4+ 75. Kf6 Nd3 76. Ra2+ Ke3 77. b5 c3 78. b6 c2 79. Rxc2 Nxc2 80. Kxe6 Nxe5 81. Kxd5 Nc6 82. Kd6 Kd4 83. Kc7 Na5 0-1

[Event "Kupreichik Memorial Open 2018"]
[Site "Minsk"]
[Date "2018.06.22"]
[Round "6"]
[White "Uzlavataya, Anhelina"]
[Black "Osmolny, Vladimir I"]
[Result "0-1"]
[ECO "A06"]
[WhiteElo "1925"]
[BlackElo "2163"]
[Annotator "NA"]
[PlyCount "62"]
[EventDate "2018.06.21"]
[EventCountry "BLR"]
[SourceTitle "playchess.com"]
[Source "ChessBase"]
[SourceQuality "1"]
[TimeControl "900+10"]

1. Nf3 d5 2. g3 Nc6 3. d4 Bf5 4. Bg2 Nb4 5. Na3 e6 6. O-O Be7 7. c4 c6 8. Bd2 Nf6 9. Qb3 a5 10. c5 b6 11. Bxb4 axb4 12. Qxb4 Nd7 13. Rfc1 O-O 14. Nd2 Rb8 15. Qa4 bxc5 16. Qxc6 Rb6 17. Qa4 Rxb2 18. e4 dxe4 19. Nxe4 Rb4 20. Qc6 cxd4 21. Nb5 Ne5 22. Qa6 d3 23. Nbc3 Qd4 24. Rd1 Rb2 25. Qa4 Rb4 26. Qa6 Rfb8 27. Rac1 h5 28. a3 Rb2 29. Qa4 Qb6 30. Nd2 Bg5 31. Ncb1 Ng4 0-1